 Dungeon Crawl Stone Soup version 0.18-a0-1683-gf9322e6 (webtiles) character file.

149 Gorice the Chiller (level 5, -3/35 HPs)
             Began as a Demonspawn Ice Elementalist on Apr 3, 2016.
             Slain by Xenophilius's ghost (15 damage)
             ... on level 3 of the Dungeon.
             The game lasted 00:09:50 (2256 turns).

Gorice the Chiller (Demonspawn Ice Elementalist)    Turns: 2256, Time: 00:09:50

Health: -3/35      AC:  2    Str:  8    XL:     5   Next: 9%
Magic:  3/9        EV: 12    Int: 18    God:
Gold:   95         SH:  0    Dex: 13    Spells: 2 memorised, 7 levels left

rFire  . . .     SeeInvis .     b - +0 hunting sling
rCold  . . .     Gourm    .     n - +0 robe (curse)
rNeg   . . .     Faith    .     (no shield)
rPois  .         Spirit   .     (helmet restricted)
rElec  .         Dismiss  .     (no cloak)
rCorr  .         Reflect  .     (no gloves)
SustAt .         Harm     .     (no boots)
MR     .....                    (no amulet)
Stlth  ++........               (no ring)
                                (no ring)

@: not resistant to hostile enchantments, unstealthy
A: antennae 1, rot immunity
a: no special abilities


You were on level 3 of the Dungeon.
You were hungry.

You visited 1 branch of the dungeon, and saw 3 of its levels.

You collected 95 gold pieces.

Inventory:

Hand Weapons
 a - a +0 whip
 b - a +0 hunting sling (weapon)
 j - a +0 dagger
Missiles
 h - 16 sling bullets (quivered)
 l - 18 poisoned needles
 Z - 89 stones
Armour
 d - a +0 robe
 n - a cursed +0 robe (worn)
Wands
 f - a wand of flame (34/48)
Scrolls
 e - 2 scrolls of fear {unknown}
 i - 2 scrolls of blinking {unknown}
 m - a scroll of random uselessness {unknown}
 p - a scroll of magic mapping {unknown}
Books
 k - a book of Frost
Comestibles
 c - 4 bread rations {!e}
 g - a slice of pizza
 o - 3 chunks of flesh
 q - a royal jelly


   Skills:
 - Level 1.7 Dodging
 - Level 1.7 Stealth
 + Level 3.1 Spellcasting
 + Level 1.4 Conjurations
 * Level 4.5 Ice Magic


You had 7 spell levels left.
You knew the following spells:

 Your Spells              Type           Power        Failure   Level  Hunger
a - Freeze                Ice            ###.         2%          1    None
b - Throw Frost           Conj/Ice       ##....       10%         2    ##.....


Dungeon Overview and Level Annotations

Branches:
Dungeon (3/15)

Altars:
Kikubaaqudgha
Pakellas
Qazlal
The Shining One

Shops:
D:2 }

Annotations:
D:3 Xenophilius's ghost, novice HuWn


Innate Abilities, Weirdness & Mutations

You have a pair of small antennae on your head.
You are immune to rotting.


Message History

Press: ? - help, Shift-Dir - straight line, f/p - Xenophilius's ghost
Aim: Xenophilius's ghost (lightly damaged)
You freeze Xenophilius's ghost.
Xenophilius's ghost is lightly damaged.
Xenophilius's ghost says, "For all the tithing, I expected a more glorious afterlife than this."
Xenophilius's ghost closely misses you.
Casting: Freeze
Confirm with . or Enter, or press ? or * to list all spells.
Aiming: Freeze
Press: ? - help, Shift-Dir - straight line, f/p - Xenophilius's ghost
Aim: Xenophilius's ghost (lightly damaged)
You freeze Xenophilius's ghost.
Xenophilius's ghost is moderately damaged.
Xenophilius's ghost says, "Try not to bleed too much."
Xenophilius's ghost closely misses you.
Casting: Freeze
Confirm with . or Enter, or press ? or * to list all spells.
Aiming: Freeze
Press: ? - help, Shift-Dir - straight line, f/p - Xenophilius's ghost
Aim: Xenophilius's ghost (moderately damaged)
You freeze Xenophilius's ghost.
Xenophilius's ghost is heavily damaged.
Xenophilius's ghost hits you but does no damage.
Casting: Freeze
Confirm with . or Enter, or press ? or * to list all spells.
Aiming: Freeze
Press: ? - help, Shift-Dir - straight line, f/p - Xenophilius's ghost
Aim: Xenophilius's ghost (heavily damaged)
You freeze Xenophilius's ghost.
Xenophilius's ghost is heavily damaged.
Xenophilius's ghost barely misses you.
Casting: Freeze
Confirm with . or Enter, or press ? or * to list all spells.
Aiming: Freeze
Press: ? - help, Shift-Dir - straight line, f/p - Xenophilius's ghost
Aim: Xenophilius's ghost (heavily damaged)
You freeze Xenophilius's ghost.
Xenophilius's ghost is severely damaged.
Xenophilius's ghost hits you!
* * * LOW HITPOINT WARNING * * *
Damage: 13 (max 13)
Casting: Freeze
Confirm with . or Enter, or press ? or * to list all spells.
Aiming: Freeze
Press: ? - help, Shift-Dir - straight line, f/p - Xenophilius's ghost
Aim: Xenophilius's ghost (severely damaged)
You freeze Xenophilius's ghost.
Xenophilius's ghost is severely damaged.
Xenophilius's ghost hits you!
You die...

##.###.##.#..##.##.#####.##
#.# #.##(#........#####.#
#.# #..........##.......#
#.# #####...###.......###
#.#######(#####.#.###.####
..........................
#.#######(#####.#..##.####
#.. #..W..# #.......#
#..@..# #.......# #.....#
#.##.##.# #.....# # #..#.#
#.....# ##.#.# #######
#.###.#.# #....<..#
#####.### #.# ########.#


You could see Xenophilius's ghost.

Vanquished Creatures
  6 adders
  3 oozes
  4 worms
  4 dart slugs
  3 giant geckos
  An orc (D:3)
  6 bats
  A giant cockroach (D:1)
  11 goblins
  6 hobgoblins
  5 kobolds
  3 quokkas
  3 giant newts
  5 rats
61 creatures vanquished.

Notes
Turn   | Place    | Note
--------------------------------------------------------------
     0 | D:1      | Gorice the Demonspawn Ice Elementalist began the quest for the Orb.
     0 | D:1      | Reached XP level 1. HP: 13/13 MP: 3/3
    61 | D:1      | Reached skill level 3 in Ice Magic
    61 | D:1      | Gained mutation: You have a pair of small antennae on your head. [demonic ancestry]
    61 | D:1      | Reached XP level 2. HP: 7/19 MP: 1/5
   114 | D:1      | HP: 2/19 [ooze (4)]
   163 | D:1      | Learned a level 2 spell: Throw Frost
   425 | D:1      | Reached XP level 3. HP: 11/24 MP: 0/6
  1029 | D:2      | Found an ancient bone altar of Kikubaaqudgha.
  1036 | D:2      | Gained mutation: You are immune to rotting. [demonic ancestry]
  1036 | D:2      | Reached XP level 4. HP: 12/30 MP: 1/8
  1082 | D:2      | Reached skill level 4 in Ice Magic
  1093 | D:2      | Found an oddly glowing altar of Pakellas.
  1093 | D:2      | Found Pakellas's Prime Provisions.
  1307 | D:2      | Reached skill level 3 in Spellcasting
  1399 | D:2      | Found a glowing golden altar of the Shining One.
  2119 | D:3      | Reached XP level 5. HP: 35/35 MP: 9/9
  2156 | D:3      | Found a stormy altar of Qazlal.
  2208 | D:3      | Noticed Xenophilius's ghost (novice HuWn)
  2256 | D:3      | Slain by Xenophilius's ghost

Vault maps used:
D:1:      erik_arrival_gehennom
D:2:      tso_oasis_becter, old_standard_altar, first_bread,
          johnstein_pakellas_shop
D:3:      old_standard_altar, nicolae_qazlal_general_emergency,
          kennysheep_minor_cross, uniq_terence

Skill      XL: |  1  2  3  4 |
---------------+-------------+-----
Ice Magic      | 3 4 |  4.5
Spellcasting   | 3 |  3.1
Dodging        | |  1.7
Stealth        | |  1.7
Conjurations   | |  1.4

Action                   |  1- 3 |  4- 6 || total
-------------------------+-------+-------++-------
Melee: Whip              |    23 |     4 ||    27
 Fire: Hunting sling     |     4 |    58 ||    62
Throw: Stone             |    10 |       ||    10
 Cast: Freeze            |    51 |    37 ||    88
       Throw Frost       |     2 |     1 ||     3
 Stab: Sleeping          |     6 |       ||     6
  Eat: Chunk             |     1 |     3 ||     4

Table legend:
 A = Turns spent in this place as a percentage of turns spent in the entire game.
 B = Non-inter-level travel turns spent in this place as a percentage of non-inter-level travel turns spent in the entire game.
 C = Inter-level travel turns spent in this place as a percentage of turns spent in this place.
 D = Turns resting spent in this place as a percentage of non-inter-level travel turns spent in this place.
 E = Turns spent auto-exploring this place as a percentage of non-inter-level travel turns spent in this place.
 F = Non-inter-level travel turns spent in this place divided by the number of levels of this place that you've seen.
                   A       B       C       D       E      F
               +-------+-------+-------+-------+-------+----------------------
         Total | 100.0 | 100.0 |   0.2 |   1.6 |   6.0 | 273.7
       Dungeon | 100.0 | 100.0 |   0.2 |   1.6 |   6.0 | 273.7
               +-------+-------+-------+-------+-------+----------------------

Vault maps used:
D:1:      erik_arrival_gehennom
D:2:      tso_oasis_becter, old_standard_altar, first_bread,
          johnstein_pakellas_shop
D:3:      old_standard_altar, nicolae_qazlal_general_emergency,
          kennysheep_minor_cross, uniq_terence
